 Dungeon Crawl Stone Soup version 0.30-a0-723-gc1506a1cf0 (webtiles) character file.

Game seed: 5115403067254037543

0 hbarley the Ruffian (level 1, 0/14 HPs)
             Began as a Hill Orc Wanderer on Jan 28, 2023.
             Slain by a goblin
             ... wielding a +1 dagger of freezing
              (2 damage)
             ... on level 1 of the Dungeon.
             The game lasted 00:00:16 (27 turns).

hbarley the Ruffian (Hill Orc Wanderer)               Turns: 27, Time: 00:00:16

Health: 0/14       AC:  3    Str: 16    XL:     1   Next: 10%
Magic:  2/2        EV: 11    Int: 11    God:
Gold:   0          SH:  0    Dex:  9    Spells: 1/2 levels left

rFire   . . .      SeeInvis .    a - +0 club
rCold   . . .      Faith    .    (no shield)
rNeg    . . .      Spirit   .    d - +0 leather armour
rPois   .          Reflect  .    (no helmet)
rElec   .          Harm     .    (no cloak)
rCorr   .          Rampage  .    (no gloves)
Will    .....                    (no boots)
Stlth   +                        (no amulet)
HPRegen 0.22/turn                (no ring)
MPRegen 0.08/turn                (no ring)

@: no status effects
A: no striking features
a: no special abilities


You were on level 1 of the Dungeon.
You visited 1 branch of the dungeon, and saw 1 of its levels.

Inventory:

Hand Weapons
 a - a +0 club (weapon)
Armour
 d - a +0 leather armour (worn)
Wands
 b - a wand of polymorph (7)
Scrolls
 c - a scroll of fear
 e - a scroll of silence


   Skills:
 + Level 1.1 Armour
 + Level 1.0 Stealth
 + Level 3.3 Unarmed Combat
 + Level 1.0 Spellcasting
 + Level 3.0 Hexes
 + Level 1.0 Evocations


You had one spell level left.
You knew the following spells:

 Your Spells              Type           Power      Damage    Failure   Level
a - Slow                  Hex            28%        N/A       12%         1

Your spell library contained the following spells:

 Spells                   Type           Power      Damage    Failure   Level
 Portal Projectile        Hex/Tloc       6%         N/A       54%         3
 Leda's Liquefaction      Hex/Erth       1%         N/A       91%         4


Dungeon Overview and Level Annotations

Branches:
Dungeon (1/15)

Altars:


Message History

Welcome, hbarley the Hill Orc Wanderer.
Are you destined to find the magnificent Orb of Zot, or to die trying?
Press ? for a list of commands and other information.
Found a staircase leading out of the dungeon.
You begin with the following items: a +0 club, a wand of polymorph (7), a scroll of fear, a +0 leather armour, a scroll of silence; and the following spell memorised: Slow; and the following spells available to memorise: Portal Projectile, Leda's Liquefaction.
You open the door.
There is an open door here.
A bat comes into view.
The bat barely misses you.
You hit the bat.
You kill the bat!
A goblin comes into view. It is wielding a +1 dagger of freezing.
The goblin shouts!
The goblin hits you with a +1 dagger of freezing.
The goblin freezes you.
You hit the goblin but do no damage. The goblin barely misses you.
You closely miss the goblin.
The goblin hits you with a +1 dagger of freezing.
The goblin freezes you.
You closely miss the goblin. The goblin closely misses you. x2
You closely miss the goblin. The goblin hits you but does no damage.
You closely miss the goblin. The goblin hits you but does no damage.
You closely miss the goblin.
The goblin hits you with a +1 dagger of freezing.
The goblin freezes you.
The goblin hits you with a +1 dagger of freezing.
The goblin freezes you.
* * * LOW HITPOINT WARNING * * *
You barely miss the goblin. The goblin hits you but does no damage.
You barely miss the goblin. The goblin barely misses you.
You barely miss the goblin.
The goblin hits you with a +1 dagger of freezing.
* * * LOW HITPOINT WARNING * * *
The goblin freezes you.
You die...

#..##...### ##
#..#...#
#..#....###
+.#.#.....#
#.#.#.#..### #
.##......#
##+##..##.#.#
#......##....#
+....@...#.#.+
#..##g#.#...##
##+ #...# #..
...#. # ...#..
#....... #..#.
### #.....


You could see a goblin.

Vanquished Creatures
  A bat (D:1)
1 creature vanquished.

Notes
Turn   | Place    | Note
-------+----------+-------------------------------------------
     0 | D:1      | hbarley the Hill Orc Wanderer began the quest for the Orb.
     0 | D:1      | hbarley set off with the following items: a +0 club, a wand
                  | of polymorph (7), a scroll of fear, a +0 leather armour, a
                  | scroll of silence; and the following spell memorised: Slow;
                  | and the following spells available to memorise: Portal
                  | Projectile, Leda's Liquefaction.
     0 | D:1      | Reached XP level 1. HP: 14/14 MP: 2/2
    27 | D:1      | Slain by a goblin

Illustrated notes

Levels and vault maps discovered:
D:1:      arrival_zaba_pyramid, layout_basic,
          shapermc_ecumenical_altar_rom_forum

Action                     || total
---------------------------++-------
  Melee: Club              ||    10
 Armour: Leather armour    ||     3
  Dodge: Dodged            ||     5

Table legend: (Time is in decaauts)
 A = Elapsed time spent in this place.
 B = Non-inter-level travel time spent in this place.
 C = Inter-level travel time spent in this place.
 D = Time resting spent in this place.
 E = Time spent auto-exploring this place.
 F = Levels seen in this place.
 G = Mean time per level.
                   A        B        C        D        E       F      G
               +--------+--------+--------+--------+--------+-----+--------+
         Total |     29 |     29 |      0 |      0 |     12 |   1 |   29.0 |
       Dungeon |     29 |     29 |      0 |      0 |     12 |   1 |   29.0 |
               +--------+--------+--------+--------+--------+-----+--------+

Top non-repeatable levels by time:
     D:1: 29 daAuts
